 Dungeon Crawl Stone Soup version 0.17-a0-1748-g222fba8 (webtiles) character file.

1031 matakusis the Ducker (level 8, 0/60 HPs)
             Began as a Demonspawn Gladiator on Sept 1, 2015.
             Was a Follower of Ru.
             Succumbed to Blork the orc's poison
             ... on level 4 of the Dungeon.
             The game lasted 00:17:11 (3282 turns).

matakusis the Ducker (Demonspawn Gladiator)         Turns: 3282, Time: 00:17:12

Health: 0/60       AC:  9    Str: 16    XL:     8   Next: 3%
Magic:  8/8        EV: 16    Int:  9    God:    Ru [*.....]
Gold:   357        SH:  0    Dex: 16    Spells: 0 memorised, 7 levels left

rFire  + . .     SeeInvis .     a - +0 war axe
rCold  + . .     Clarity  .     b - +1 leather armour
rNeg   . . .     SustAt   .     (no shield)
rPois  +         Gourm    .     c - +0 helmet
rElec  +         Spirit   .     s - +0 cloak
rCorr  +         Warding  .     (no gloves)
rMut   .         Rnd*Tele +     (no boots)
MR     .....                    f - amulet of regeneration
Stlth  +.........               (no ring)
                                A - ring of teleportation (curse)

@: lethally poisoned (0 -> -11), exhausted, resistant, very slightly
contaminated, hasted and slowed, not resistant to hostile enchantments, very
unstealthy
A: fangs 1, thin metallic scales 2, blurry vision 1, spiny 2, spit poison 1, rot
immunity, magic vulnerability 1
a: Spit Poison, Renounce Religion, Evoke Teleportation


You were on level 4 of the Dungeon.
You worshipped Ru.
Ru was aware of your devotion.
You were hungry.

You visited 1 branch of the dungeon, and saw 5 of its levels.

You collected 357 gold pieces.

Inventory:

Hand weapons
 a - a +0 war axe (weapon)
Missiles
 d - 3 throwing nets (quivered)
 o - 2 curare-tipped needles
Armour
 b - a +1 leather armour (worn)
 c - a +0 helmet (worn)
 s - a +0 cloak (worn)
Jewellery
 f - an amulet of regeneration (around neck)
 w - an uncursed ring of ice
 A - a cursed ring of teleportation (left hand)
Magical devices
 p - a wand of flame (13)
 q - a wand of flame (13)
Scrolls
 i - a scroll of enchant armour
 j - 2 scrolls of fear
 m - 3 scrolls of immolation
 v - 2 scrolls of identify
Potions
 r - 2 potions of flight
Comestibles
 e - 2 bread rations
 g - 4 meat rations
 k - a chunk of flesh
 l - 2 slices of pizza
 u - 7 fruits


   Skills:
 + Level 4.0 Fighting
 + Level 4.9 Axes
 - Level 1.7 Throwing
 + Level 2.8 Armour
 * Level 6.5 Dodging


You had 7 spell levels left.
You didn't know any spells.

Dungeon Overview and Level Annotations

Branches:
Dungeon (5/15)
 Temple: D:4-7

Altars:
Gozag
Ru
Yredelemnul

Shops:
D:4 %


Innate Abilities, Weirdness & Mutations

You are mostly covered in thin metallic scales (AC +3).
You are mostly covered in sharp spines.
You are immune to rotting.
You are slightly vulnerable to magic.
You have very sharp teeth.
Scrolls take you a little longer to read.
You can spit weak poison.


Message History

The floor.
Drink which item? (? for menu, Esc to quit)
You feel yourself speed up.
* * * LOW HITPOINT WARNING * * *
You feel very sick.
The phantom blinks!
You are very lightly contaminated with residual magic.
* * * LOW HITPOINT WARNING * * *
You feel sick.
* * * LOW HITPOINT WARNING * * *
You feel very sick. The phantom is struck by your spines.
The phantom closely misses you.
You slash the phantom!
You destroy the phantom!
Your Fighting skill increases to level 4!
You have reached level 8!
You feel agile.
Your demonic ancestry asserts itself...
Sharp spines emerge from more of your body.
You are feeling hungry.
You die...

# ######
#....#
#....#######
#.....##...#
**#........#
#).†..>..#
##.#...###
**#@#####
#.......#
#.......#
#.?.....#
#..?....#
#.......#
###'#####
#.# *,*


There were no monsters in sight!

Vanquished Creatures
  Grinder (D:5)
  An ice beast (D:5)
  A phantom (D:4)
  Blork the orc (D:4)
  A crimson imp (D:5)
  Ijyb (D:4)
  A hound (D:4)
  Jessica (D:2)
  Terence (D:2)
  2 orc wizards (D:4)
  2 worker ants (D:4)
  A hound skeleton (D:4)
  A worker ant zombie (D:3)
  Robin (D:2)
  11 adders
  2 oozes
  2 worms
  3 giant geckos
  8 orcs
  3 ball pythons
  8 bats
  5 giant cockroaches
  12 hobgoblins
  9 jackals
  3 giant newts
  28 goblins
  7 kobolds
  A quokka skeleton (D:5)
  8 rats
126 creatures vanquished.

Vanquished Creatures (others)
  A phantom (D:4)
1 creature vanquished.

Grand Total: 127 creatures vanquished

Notes
Turn   | Place    | Note
--------------------------------------------------------------
     0 | D:1      | matakusis the Demonspawn Gladiator began the quest for the Orb.
     0 | D:1      | Reached XP level 1. HP: 16/16 MP: 1/1
   178 | D:1      | Reached skill level 3 in Axes
   178 | D:1      | Gained mutation: You are partially covered in thin metallic scales (AC +2). [demonic ancestry]
   178 | D:1      | Reached XP level 2. HP: 15/22 MP: 2/2
   412 | D:1      | Gained mutation: You are mostly covered in thin metallic scales (AC +3). [demonic ancestry]
   412 | D:1      | Reached XP level 3. HP: 27/27 MP: 3/3
   993 | D:2      | Noticed Robin
  1010 | D:2      | Killed Robin
  1041 | D:2      | Gained mutation: You are immune to rotting. [demonic ancestry]
  1041 | D:2      | Reached XP level 4. HP: 34/34 MP: 4/4
  1138 | D:2      | Found an opulent altar of Gozag.
  1220 | D:2      | Reached skill level 1 in Armour
  1292 | D:2      | Noticed Jessica
  1303 | D:2      | Reached skill level 4 in Dodging
  1307 | D:2      | Killed Jessica
  1307 | D:2      | Gained mutation: You are partially covered in sharp spines. [demonic ancestry]
  1307 | D:2      | Reached XP level 5. HP: 8/39 MP: 5/5
  1578 | D:2      | Noticed Terence
  1585 | D:2      | Killed Terence
  1749 | D:3      | Found a faded altar to an unknown god.
  1759 | D:3      | Became a worshipper of Ru the Awakened
  1774 | D:3      | Gained mutation: You are slightly vulnerable to magic. [Ru sacrifice]
  1774 | D:3      | Acquired Ru's first power
  2420 | D:4      | Reached XP level 6. HP: 46/46 MP: 6/6
  2531 | D:4      | Noticed Ijyb
  2540 | D:4      | Killed Ijyb
  2661 | D:4      | Noticed a phantom
  2694 | D:4      | Killed a phantom
  2694 | D:4      | Reached skill level 5 in Dodging
  2830 | D:4      | Found Uchunto's Food Emporium.
  3064 | D:5      | Entered Level 5 of the Dungeon
  3103 | D:5      | Reached XP level 7. HP: 52/52 MP: 7/7
  3133 | D:5      | Noticed Grinder
  3133 | D:5      | Paralysed by Grinder for 5 turns
  3144 | D:5      | Killed Grinder
  3144 | D:5      | Reached skill level 6 in Dodging
  3166 | D:5      | Found a basalt altar of Yredelemnul.
  3255 | D:4      | Noticed Blork the orc
  3256 | D:4      | Noticed a phantom
  3277 | D:4      | Gained mutation: Scrolls take you a little longer to read. [potion of mutation]
  3277 | D:4      | Gained mutation: You have very sharp teeth. [potion of mutation]
  3277 | D:4      | Gained mutation: You can spit weak poison. [potion of mutation]
  3278 | D:4      | Killed Blork the orc
  3281 | D:4      | HP: 1/53 [poisoned by Blork the orc]
  3282 | D:4      | Killed a phantom
  3282 | D:4      | Gained mutation: You are mostly covered in sharp spines. [demonic ancestry]
  3282 | D:4      | Reached XP level 8. HP: 1/60 MP: 8/8
  3282 | D:4      | Succumbed to Blork the orc's poison

Vault maps used:
D:1:      scummos_arrival_simple_fountains, minmay_misc_feat_columns,
          minmay_misc_feat_enclosed, minmay_misc_feat_tiny, st_stairs_3,
          minmay_strange_pillars, minivault_4, wad_floor_pattern_1
D:2:      first_bread, minmay_misc_feat_chi, minivault_5, st_stairs_14,
          hex_large, nicolae_gozag_cash_rules_everything_around_me, uniq_robin,
          uniq_terence, uniq_jessica
D:3:      ecumenical_altar_1
D:4:      kennysheep_goblin_castle, serial_shops, shop_fountains,
          lemuel_old_faithful, uniq_blork_the_orc
D:5:      nicolae_dithmenos_the_darkroom, minmay_temple_entry_crystal_x,
          basic_altar, st_stairs_11, uniq_grinder, uniq_prince_ribbit1,
          uniq_menkaure, uniq_pikel, uniq_crazy_yiuf_cottage

Action                   |  1- 3 |  4- 6 |  7- 9 || total
-------------------------+-------+-------+-------++-------
Melee: War axe           |   153 |   136 |    38 ||   327
Throw: Throwing net      |       |     1 |       ||     1
Invok: Sacrifice Essence |       |     1 |       ||     1
  Use: Scroll            |       |    10 |       ||    10
       Potion            |       |     2 |     5 ||     7
 Stab: Sleeping          |     1 |     1 |       ||     2
  Eat: Chunk             |     1 |     9 |     2 ||    12
